 Dungeon Crawl Stone Soup version 0.19-a0-1278-gf052eaa (webtiles) character file.

5068 TheGoonsmith the Destroyer (level 10, -4/69 HPs)
             Began as a Green Draconian Conjurer on Aug 29, 2016.
             Was a Follower of Vehumet.
             Shot with an arrow by a centaur (8 damage)
             ... on level 9 of the Dungeon.
             The game lasted 00:19:34 (9410 turns).

TheGoonsmith the Destroyer (DrCj)                   Turns: 9410, Time: 00:19:34

Health: -4/69      AC: 10    Str: 10    XL:     10   Next: 31%
Magic:  10/20      EV: 12    Int: 18    God:    Vehumet [*.....]
Gold:   109        SH:  0    Dex: 13    Spells: 4 memorised, 10 levels left

rFire  + . .     SeeInvis .     M - +0 whip (venom)
rCold  . . .     Gourm    .     (armour unavailable)
rNeg   . . .     Faith    .     (no shield)
rPois  +         Spirit   .     (helmet restricted)
rElec  .         Dismiss  .     l - +1 cloak
rCorr  .         Reflect  .     n - +0 pair of gloves
MR     .....     Harm     .     (no boots)
Stlth  ++........               K - amulet of magic regeneration
                                (no ring)
                                x - ring of protection from fire

@: short of breath
A: breathe noxious fumes, unfitting armour, poison resistance, cold-blooded, AC
+7
a: Breathe Noxious Fumes, Renounce Religion


You were on level 9 of the Dungeon.
You worshipped Vehumet.
Vehumet was aware of your devotion.
You were not hungry.

You visited 2 branches of the dungeon, and saw 10 of its levels.

You collected 459 gold pieces.
You spent 350 gold pieces at shops.

Inventory:

Hand Weapons
 f - a +0 short sword
 o - a +2 flail of protection
 t - a +0 dagger of protection
 D - a +2 rapier of speed
 M - a +0 whip of venom (weapon)
Armour
 l - a +1 cloak (worn)
 n - a +0 pair of gloves (worn)
Magical Staves
 S - an uncursed staff of death
Jewellery
 x - a ring of protection from fire (left hand)
 K - an amulet of magic regeneration (around neck)
Wands
 y - a wand of teleportation (4/9)
 J - a wand of lightning (9/15)
 N - a wand of iceblast (9/15)
 O - a wand of lightning (11/15)
 Q - a wand of slowing (27/48)
Scrolls
 c - 3 scrolls of teleportation
 d - 2 scrolls of noise
 e - 3 scrolls of fear
 p - 2 scrolls of fog {unknown}
 r - 4 scrolls of identify
 s - 2 scrolls of enchant weapon
 E - a scroll of blinking
 G - a scroll of magic mapping
Potions
 h - 2 potions of magic {unknown}
 i - a potion of ambrosia {unknown}
 k - a potion of brilliance {unknown}
 m - 2 potions of degeneration
 q - 3 potions of mutation
 z - 2 potions of haste
 A - 4 potions of curing
 B - 2 potions of berserk rage {unknown}
 C - a potion of flight {unknown}
 F - 2 potions of agility {unknown}
Books
 a - a book of Conjurations

   Spells                             Type                      Level
   a - Magic Dart                     Conjuration                  1
   b - Searing Ray                    Conjuration                  2
   c - Dazzling Spray                 Conjuration/Hexes            3
   d - Fulminant Prism                Conjuration/Hexes            4
   e - Iskenderun's Mystic Blast      Conjuration                  4
   f - Iskenderun's Battlesphere      Conjuration/Charms           5
 v - a Young Poisoner's Handbook

   Spells                             Type                      Level
   a - Sting                          Conjuration/Poison           1
   b - Mephitic Cloud                 Conjuration/Poison/Air       3
   c - Olgreb's Toxic Radiance        Poison                       4
   d - Alistair's Intoxication        Transmutation/Poison         5
   e - Venom Bolt                     Conjuration/Poison           5
 w - a book of Death

   Spells                             Type                      Level
   a - Corpse Rot                     Necromancy                   2
   b - Sublimation of Blood           Necromancy                   2
   c - Agony                          Necromancy                   5
   d - Dispel Undead                  Necromancy                   5
   e - Excruciating Wounds            Charms/Necromancy            5
   f - Bolt of Draining               Conjuration/Necromancy       5
 P - a book of Geomancy

   Spells                             Type                      Level
   a - Sandblast                      Earth                        1
   b - Passwall                       Transmutation/Earth          2
   c - Stone Arrow                    Conjuration/Earth            3
   d - Petrify                        Transmutation/Earth          4
   e - Lee's Rapid Deconstruction     Earth                        5
 R - a book of the Sky

   Spells                             Type                      Level
   a - Summon Lightning Spire         Summoning/Air                4
   b - Airstrike                      Air                          4
   c - Silence                        Hexes/Air                    5
   d - Deflect Missiles               Charms/Air                   6
   e - Conjure Ball Lightning         Conjuration/Air              6
   f - Tornado                        Air                          9
Comestibles
 b - 12 bread rations
 g - 3 royal jellies
 j - 5 meat rations
 u - 4 chunks of flesh
 H - 3 fruits
 I - 4 beef jerkies


   Skills:
 - Level 1.7 Dodging
 - Level 1.7 Stealth
 + Level 6.8 Spellcasting
 * Level 10.7 Conjurations
 + Level 4.7 Hexes
 + Level 6.6 Charms


You had 10 spell levels left.
You knew the following spells:

 Your Spells              Type           Power        Failure   Level  Hunger
a - Magic Dart            Conj           ####         1%          1    None
b - Searing Ray           Conj           #####.       1%          2    None
c - Fulminant Prism       Conj/Hex       ####......   6%          4    ####...
z - Iskenderun's Battles  Conj/Chrm      #####...     12%         5    #####..


Dungeon Overview and Level Annotations

Branches:
Dungeon (9/15)             Temple (1/1) D:7
   Lair: D:8-11         Orc: D:9-12

Altars:
Ashenzari
Cheibriados
Dithmenos
Elyvilon
Fedhas
Gozag
Hepliaklqana
Kikubaaqudgha
Makhleb
Nemelex Xobeh
Okawaru
Qazlal
Ru
Sif Muna
Trog
Uskayaw
Vehumet
Xom
Yredelemnul
Zin
The Shining One

Shops:
D:9 (*


Innate Abilities, Weirdness & Mutations

You can breathe blasts of noxious fumes.
Your lurid green scales are hard. (AC +7)
Your body does not fit into most forms of armour.
Your system is resistant to poisons. (rPois)
You are cold-blooded and may be slowed by cold attacks.


Message History

* * * LOW HITPOINT WARNING * * *
The arrow burns you.
* * * LOW HITPOINT WARNING * * *
You hear a loud crackle.
You hear an explosion!
Casting: Fulminant Prism
Confirm with . or Enter, or press ? or * to list all spells.
Aiming: Searing Ray
Press: ? - help, Shift-Dir - straight line, f - centaur
Aim: a centaur, wielding a shortbow of flaming The searing ray hits the centaur.
The centaur is moderately wounded.
The centaur shoots an arrow.
The arrow hits you!
* * * LOW HITPOINT WARNING * * *
The arrow burns you.
* * * LOW HITPOINT WARNING * * *
The searing ray hits the centaur.
The centaur is heavily wounded.
The centaur shoots an arrow.
The arrow hits you!
You die...

.#. ..
...# #.#
.. .. #..!
...
#.##.##
.>...
#.#.#
#.#.##.##.
#)........
#..######
#.@# ..
#..# ..#
#(c#####..
#)....c...
##.###*###
#.##.##
#.#...#
#...#
###...#


You could see a centaur.

Vanquished Creatures
  Pikel (D:4)
  An elephant (D:9)
  Prince Ribbit (D:5)
  A two-headed ogre (D:8)
  A spriggan (D:7)
  A yak (D:9)
  2 hippogriffs
  3 hungry ghosts
  Menkaure (D:4)
  Duvessa (D:4)
  A water moccasin (D:3)
  2 sky beasts
  3 slaves (D:4)
  2 orc warriors
  2 phantoms
  6 ogres
  A centaur (D:5)
  A crocodile (D:9)
  Blork the orc (D:4)
  A giant frog (D:8)
  Dowan (D:4)
  A wyvern skeleton (D:6)
  3 howler monkeys
  A crimson imp (D:7)
  A quasit (D:9)
  2 giant frog skeletons
  A jelly (D:7)
  8 orc priests
  A hound (D:4)
  5 iguanas
  5 orc wizards
  Crazy Yiuf (D:3)
  A centaur skeleton (D:7)
  Jessica (D:3)
  Ijyb (D:3)
  6 worker ants
  Robin (D:3)
  3 gnolls (D:8)
  8 adders
  An adder zombie (D:6)
  An ooze (D:2)
  2 adder skeletons
  2 worms
  A dart slug (D:4)
  3 giant geckos
  28 orcs
  3 giant cockroaches
  17 goblins
  7 hobgoblins
  16 jackals
  4 quokkas
  3 ball pythons
  A ball python skeleton (D:4)
  5 bats
  A giant cockroach zombie (D:6)
  A giant gecko skeleton (D:4)
  5 giant newts
  5 kobolds
  A quokka skeleton (D:6)
  11 rats
202 creatures vanquished.

Vanquished Creatures (others)
  A bat (D:2)
  A quokka (D:2)
  9 fulminant prisms
11 creatures vanquished.

Grand Total: 213 creatures vanquished

Notes
Turn   | Place    | Note
-------+----------+-------------------------------------------
     0 | D:1      | TheGoonsmith the Draconian Conjurer began the quest for the Orb.
     0 | D:1      | Reached XP level 1. HP: 14/14 MP: 3/3
   181 | D:1      | Reached XP level 2. HP: 18/20 MP: 1/5
   714 | D:1      | Learned a level 2 spell: Searing Ray
  1106 | D:2      | Reached XP level 3. HP: 26/26 MP: 4/6
  1505 | D:2      | Reached skill level 5 in Conjurations
  1744 | D:3      | Reached XP level 4. HP: 12/33 MP: 0/8
  1968 | D:3      | Noticed Jessica
  1972 | D:3      | Killed Jessica
  2077 | D:3      | Noticed a water moccasin
  2089 | D:3      | Killed a water moccasin
  2089 | D:3      | Reached skill level 6 in Conjurations
  2089 | D:3      | Reached XP level 5. HP: 33/38 MP: 0/10
  2108 | D:3      | Learned a level 5 spell: Iskenderun's Battlesphere
  2278 | D:3      | Noticed Robin
  2372 | D:3      | Killed Robin
  2645 | D:3      | Noticed Ijyb
  2646 | D:3      | Reached XP level 6. HP: 45/45 MP: 9/11
  2668 | D:3      | Killed Ijyb
  2668 | D:3      | Reached skill level 1 in Charms
  2918 | D:3      | Found a runed door.
  2923 | D:3      | Noticed Crazy Yiuf
  2927 | D:3      | Killed Crazy Yiuf
  3382 | D:4      | Your scales start taking on a lurid green colour.
  3382 | D:4      | Reached XP level 7. HP: 45/50 MP: 0/13
  3382 | D:4      | Gained mutation: Your system is resistant to poisons. (rPois) [Green Draconian growth]
  3434 | D:4      | Noticed Blork the orc
  3448 | D:4      | Killed Blork the orc
  3670 | D:4      | Reached skill level 7 in Conjurations
  4059 | D:4      | Noticed Pikel
  4119 | D:4      | Killed Pikel
  4119 | D:4      | Reached XP level 8. HP: 57/57 MP: 9/15
  4162 | D:4      | Learned a level 4 spell: Fulminant Prism
  4412 | D:5      | Entered Level 5 of the Dungeon
  4412 | D:5      | Noticed Menkaure
  4412 | D:5      | Noticed Duvessa
  4412 | D:5      | Noticed Dowan
  4594 | D:4      | Killed Duvessa
  4594 | D:4      | Reached skill level 8 in Conjurations
  4595 | D:4      | Killed Menkaure
  4595 | D:4      | Reached skill level 5 in Spellcasting
  4626 | D:4      | Killed Dowan
  4626 | D:4      | Reached skill level 1 in Hexes
  4751 | D:5      | Noticed Prince Ribbit
  4774 | D:5      | Killed Prince Ribbit
  4996 | D:5      | Reached skill level 5 in Charms
  5110 | D:5      | Found a shadowy altar of Dithmenos.
  5388 | D:5      | Reached skill level 9 in Conjurations
  5388 | D:5      | Reached XP level 9. HP: 62/62 MP: 12/17
  6365 | D:6      | Found a deep blue altar of Sif Muna.
  7040 | D:7      | Found a staircase to the Ecumenical Temple.
  7071 | Temple   | Entered the Ecumenical Temple
  7163 | Temple   | Became a worshipper of Vehumet
  7738 | D:7      | Found a sparkling altar of Nemelex Xobeh.
  8096 | D:8      | Reached * piety under Vehumet
  8096 | D:8      | Offered knowledge of Flame Tongue by Vehumet.
  8155 | D:8      | Reached skill level 10 in Conjurations
  8671 | D:8      | Reached XP level 10. HP: 69/69 MP: 14/19
  8974 | D:9      | Found Arrum's Weapon Boutique.
  9080 | D:9      | Found Jifaris's Assorted Antiques.
  9094 | D:9      | Bought a thick jewelled staff for 300 gold pieces
  9094 | D:9      | Bought a scroll of identify for 50 gold pieces
  9133 | D:9      | Noticed an elephant
  9382 | D:9      | Killed an elephant
  9410 | D:9      | Shot with an arrow by a centaur

Vault maps used:
D:1:      roderic_chinese_lattice_arrival, serial_glass, glass_columns_b,
          glass_columns_b, glass_columns_a, glass_columns_b, glass_columns_a,
          glass_columns_c, minmay_pentomino_o2
D:2:      interstate_on_off, lemuel_flame_loot_1
D:3:      first_bread, uniq_iyjb, uniq_jessica, uniq_robin,
          uniq_crazy_yiuf_cottage
D:4:      uniq_blork_the_orc, uniq_pikel
D:5:      grunt_dithmenos_smoke_and_mirrors, uniq_menkaure, uniq_duvessa,
          uniq_prince_ribbit1
D:6:      led_sif_pool
D:7:      the_bakery, nemelex_diamond_rough_becter
D:8:      minmay_door_square
D:9:      david_lair_generic, orc_0_dummy, serial_shops, nicolae_shop_stone,
          nicolae_shop_crystal, nicolae_shop_waterfront, due_unseen_surprise
Temple:   minmay_crystal_snake_temple

Skill      XL: |  1  2  3  4  5  6  7  8  9 |
---------------+----------------------------+-----
Conjurations   | 5 6 7 9 10 | 10.7
Spellcasting   | 3 4 5 6 |  6.8
Charms         | 2 4 5 6 |  6.6
Hexes          | 2 4 |  4.7
Dodging        | |  1.7
Stealth        | |  1.7

Action                   |  1- 3 |  4- 6 |  7- 9 | 10-12 || total
-------------------------+-------+-------+-------+-------++-------
Melee: Short sword       |     7 |       |       |       ||     7
       Unarmed           |     4 |       |       |       ||     4
       Dagger            |    17 |    19 |       |       ||    36
       Tailslap          |     1 |     2 |     9 |     2 ||    14
       Rapier            |       |    18 |    63 |       ||    81
       Flail             |       |       |    34 |       ||    34
       Whip              |       |       |    29 |     7 ||    36
 Cast: Magic Dart        |    83 |    73 |   250 |    52 ||   458
       Searing Ray       |     1 |     7 |    19 |     9 ||    36
       Fulminant Prism   |       |       |     5 |     4 ||     9
 Abil: Breathe Noxious F |       |       |    17 |     3 ||    20
  Use: Scroll            |       |       |    13 |     1 ||    14
       Potion            |       |       |     1 |     1 ||     2
 Stab: Confused          |       |       |     6 |       ||     6
       Sleeping          |       |       |     1 |       ||     1
  Eat: Chunk             |     2 |     5 |    13 |     4 ||    24
       Pizza             |       |     1 |     2 |       ||     3
       Fruit             |       |       |     1 |       ||     1
       Bread ration      |       |       |     1 |       ||     1
Armor: Skin              |    11 |    22 |    67 |     8 ||   108
Dodge: Dodged            |    14 |    40 |   116 |     9 ||   179
